 Dungeon Crawl Stone Soup version 0.31-a0-702-gf82c85558f (webtiles) character file.

Game seed: 15530874612647860304

301 qw the Shooter (level 6, -1/38 HPs)
             Began as a Gargoyle Hunter on Sept 8, 2023.
             Was an Initiate of Okawaru.
             Slain by an orc
             ... wielding a +0 mace
              (2 damage)
             ... on level 4 of the Dungeon.
             The game lasted 00:01:15 (2854 turns).

qw the Shooter (Gargoyle Hunter)                    Turns: 2854, Time: 00:01:16

Health: -1/38      AC: 18    Str: 15    XL:     6   Next: 37%
Magic:  6/6        EV: 11    Int:  9    God:    Okawaru [......]
Gold:   171        SH:  0    Dex: 15    Spells: 5/5 levels left

rFire   . . .        Y - +0 shortbow
rCold   + . .        (shield currently unavailable)
rNeg    + . .        l - +0 ring mail
rPois   inf          m - +0 helmet
rElec   +            e - +0 cloak
rCorr   .            h - +0 pair of gloves
SInv    .            f - +0 pair of boots
Will    .....        (no amulet)
Stlth   +            d - +4 ring of protection
HPRegen 0.26/turn    b - ring of protection from cold
MPRegen 0.10/turn

%: no passive effects
@: no status effects
A: sickness immunity, AC +4, negative energy resistance 1, electricity
resistance, torment resistance 1, petrification resistance
a: Renounce Religion


You were on level 4 of the Dungeon.
You worshipped Okawaru.
Okawaru was noncommittal.
You visited 1 branch of the dungeon, and saw 4 of its levels.

You collected 201 gold pieces.
You spent 30 gold pieces at shops.


Innate Abilities, Weirdness & Mutations

You are immune to sickness and miasma.
Your stone body is resilient. (AC +4)
You are immune to poison.
You resist negative energy. (rN+)
You are resistant to electric shocks. (rElec)
You are resistant to unholy torment.
You are immune to petrification.


   Skills:
 - Level 4.2 Fighting
 + Level 6.2 Ranged Weapons
 - Level 2.0 Armour
 - Level 1.5 Dodging
 - Level 1.1 Stealth


You had 5 spell levels left.
You didn't know any spells.
Your spell library was empty.

Inventory:

Hand Weapons
 Y - a +0 shortbow (weapon)
Armour
 e - a +0 cloak (worn)
 f - a +0 pair of boots (worn)
 h - a +0 pair of gloves (worn)
 l - a +0 ring mail (worn)
 m - a +0 helmet (worn)
Jewellery
 b - a ring of protection from cold (right hand)
 d - a +4 ring of protection (left hand)
Scrolls
 j - 2 scrolls of identify
Potions
 g - a potion of curing
 i - a potion of mutation

Dungeon Overview and Level Annotations

Branches:
Dungeon (4/15)
 Temple: D:4-7

Altars:
Okawaru
Yredelemnul

Shops:
D:1 (*((!

Annotations:
D:3 1 runed translucent door, Crazy Yiuf


Message History

The adder bites you but does no damage. The ball python closely misses you.
The ball python barely misses you.
The orc wizard gestures wildly while chanting.
The orc wizard flickers and vanishes!
The adder bites you but does no damage.
The ball python bites you but does no damage.
The ball python closely misses you.
You shoot an arrow. The arrow hits the adder!
The adder is almost dead.
The adder bites you but does no damage.
The ball python bites you but does no damage.
The ball python grabs you. The ball python constricts you.
You shoot an arrow. The arrow hits the ball python.
The ball python is severely wounded.
The adder bites you but does no damage.
The ball python bites you but does no damage.
The ball python constricts you. The adder barely misses you.
The ball python bites you but does no damage.
The ball python constricts you.
You shoot an arrow. The arrow hits the ball python!
You kill the ball python!
Okawaru accepts your kill. The adder misses you.
Something hits you but does no damage.
You shoot an arrow. The arrow barely misses the adder.
The adder bites you but does no damage. The orc misses you.
The adder closely misses you. Something hits you but does no damage.
You shoot an arrow. The arrow hits the adder.
You kill the adder!
Okawaru accepts your kill. The orc hits you but does no damage.
You hear some strange, mumbled words.
A magic dart appears from out of thin air!
The magic dart hits you!
Your Armour skill increases to level 2!
You shoot an arrow. The arrow barely misses the hobgoblin.
The orc closely misses you. Something hits you.
The hobgoblin hits you but does no damage.
Something hits you but does no damage.
You shoot an arrow. The arrow barely misses the hobgoblin.
The orc hits you with a +0 mace.
You die...

#. #. #. ##
##########+#
#.g.........
#@{.........
#{o.........
#.=.........
#...........
..........>....
................
................
..........$.....
.....####..###+#


You could see an orc and a hobgoblin.

Vanquished Creatures
  Jessica (D:3)
  Natasha (thrice) (D:2)
  Terence (D:3)
  Robin (D:3)
  4 gnolls (D:2)
  3 adders
  2 worms (D:2)
  2 dart slugs (D:3)
  2 orcs (D:3)
  6 ball pythons
  8 bats
  9 endoplasms
  4 giant cockroaches
  16 goblins
  8 hobgoblins
  4 jackals (D:1)
  A quokka (D:3)
  3 frilled lizards
  2 kobolds (D:1)
  7 rats
87 creatures vanquished.

Notes
Turn   | Place    | Note
-------+----------+-------------------------------------------
     0 | D:1      | qw the Gargoyle Hunter began the quest for the Orb.
     0 | D:1      | Reached XP level 1. HP: 12/12 MP: 1/1
     0 | D:1      | 0 ||| qw: Version: 0.3-a-76-g4403597
     0 | D:1      | 0 ||| qw: Game counter: 1228
     0 | D:1      | 0 ||| qw: Melee chars always use a shield: true
     0 | D:1      | 0 ||| qw: God list: Okawaru
     0 | D:1      | 0 ||| qw: Allow faded altars: false
     0 | D:1      | 0 ||| qw: Do Orc after clearing Dungeon:15 true
     0 | D:1      | 0 ||| qw: Do second Lair branch before Depths: true
     0 | D:1      | 0 ||| qw: Lair rune preference: random
     0 | D:1      | 0 ||| qw: Goals: Normal
     0 | D:1      | 0 ||| PLANNING D:1-11
    91 | D:1      | Reached XP level 2. HP: 17/17 MP: 2/2
   180 | D:1      | Noticed a +0 triple sword
   183 | D:1      | Found Biomol's Weapon Boutique.
   185 | D:1      | Noticed a +0 triple crossbow
   187 | D:1      | 187 ||| UPGRADING to +0 cloak.
   192 | D:1      | 192 ||| READING scroll labelled LAISKETUSO.
   205 | D:1      | 205 ||| READING scroll labelled GUMYH VEYXTEN.
   220 | D:1      | 220 ||| READING scroll labelled VOODUA KAOX.
   221 | D:1      | 221 ||| DROPPING scroll of butterflies.
   318 | D:1      | Reached XP level 3. HP: 21/21 MP: 3/3
   342 | D:1      | Found Matoustrien's Weapon Shoppe.
   347 | D:1      | Reached skill level 5 in Ranged Weapons
   367 | D:1      | Found Qonowki's Distillery.
   375 | D:1      | 375 ||| SHOPLISTING potion of cancellation (80 gold, have
                  | 47).
   375 | D:1      | 375 ||| BUYING potion of curing (30 gold).
   375 | D:1      | Bought a potion of curing for 30 gold pieces
   375 | D:1      | 375 ||| SHOPLISTING potion of curing (30 gold, have 17).
   375 | D:1      | 375 ||| SHOPLISTING potion of enlightenment (50 gold, have
                  | 17).
   375 | D:1      | 375 ||| SHOPLISTING potion of heal wounds (50 gold, have
                  | 17).
   375 | D:1      | 375 ||| SHOPLISTING potion of mutation (80 gold, have 17).
   477 | D:1      | Found Ifiutef's General Store.
   480 | D:1      | 480 ||| SHOPLISTING +2 ring mail of poison resistance (198
                  | gold, have 17).
   480 | D:1      | 480 ||| SHOPLISTING +2 robe of willpower (194 gold, have
                  | 17).
   480 | D:1      | 480 ||| SHOPLISTING potion of resistance (110 gold, have
                  | 17).
   517 | D:1      | Found Okloar's Antique Weapon Shop.
   607 | D:1      | 607 ||| UPGRADING to +0 pair of boots.
   612 | D:1      | 612 ||| DROPPING scarf of harm.
   613 | D:1      | 613 ||| UPGRADING to +4 ring of protection.
   614 | D:1      | 614 ||| READING 2 scrolls labelled TEICWE XESEESY.
   619 | D:1      | 619 ||| READING scroll labelled EPPOEM ELIMMEA.
   657 | D:2      | Noticed Natasha
   673 | D:2      | Killed Natasha
   674 | D:2      | Reached skill level 3 in Fighting
   674 | D:2      | Reached XP level 4. HP: 18/28 MP: 4/4
   681 | D:2      | Noticed Natasha
   682 | D:2      | 682 ||| FLEEEEING.
   694 | D:2      | Killed Natasha
   695 | D:2      | Reached skill level 1 in Armour
   789 | D:2      | 789 ||| RETREATING.
   791 | D:2      | 791 ||| RETREATING.
   807 | D:2      | Reached XP level 5. HP: 21/32 MP: 5/5
  1238 | D:2      | Noticed Natasha
  1241 | D:2      | 1241 ||| Stepping ~*~*~tactically~*~*~ (outnumbered).
  1243 | D:2      | 1243 ||| Stepping ~*~*~tactically~*~*~ (outnumbered).
  1250 | D:2      | Killed Natasha
  1251 | D:2      | Reached skill level 6 in Ranged Weapons
  1294 | D:2      | 1294 ||| Stepping ~*~*~tactically~*~*~ (water).
  1728 | D:2      | 1728 ||| UPGRADING to +0 pair of gloves.
  1733 | D:2      | 1733 ||| UPGRADING to ring of protection from cold.
  1734 | D:2      | 1734 ||| READING scroll labelled XOHAGU UZXUDD.
  1735 | D:2      | 1735 ||| READING 2 scrolls of identify.
  1735 | D:2      | 1735 ||| IDENTIFYING golden potion
  1843 | D:3      | Found a runed translucent door.
  1844 | D:3      | Noticed Crazy Yiuf
  1905 | D:3      | Noticed Terence
  1918 | D:3      | Killed Terence
  1958 | D:3      | Reached XP level 6. HP: 38/38 MP: 6/6
  2103 | D:3      | Noticed Jessica
  2107 | D:3      | Killed Jessica
  2170 | D:3      | Noticed Robin
  2175 | D:3      | Killed Robin
  2542 | D:3      | Found an iron altar of Okawaru.
  2543 | D:3      | 2543 ||| PLANNING OKAWARU WORSHIP
  2543 | D:3      | 2543 ||| UPGRADING to +0 ring mail.
  2553 | D:3      | 2553 ||| DROPPING +0 leather armour.
  2554 | D:3      | 2554 ||| UPGRADING to +0 helmet.
  2559 | D:3      | 2559 ||| READING scroll labelled SOMAHI XOIT.
  2563 | D:3      | Became a worshipper of Warmaster Okawaru
  2564 | D:3      | 2564 ||| PLANNING D:1-11
  2573 | D:3      | Found a basalt altar of Yredelemnul.
  2830 | D:4      | Noticed a two-headed ogre
  2837 | D:4      | HP: 7/38 [two-headed ogre/+0 giant club (9)]
  2838 | D:4      | 2838 ||| READING scroll of teleportation.
  2843 | D:4      | 2843 ||| RETREATING.
  2852 | D:4      | HP: 3/38 [something/magic dart (8)]
  2853 | D:4      | HP: 1/38 [something (3)]
  2854 | D:4      | Slain by an orc

Levels and vault maps discovered:
D:1:      sevenhm_arrival_forest_fort_small_4, layout_rooms, serial_shops,
          nicolae_shop_competitors_out_of_business, nicolae_shop_mannequins,
          nicolae_shop_real_fake_doors, nicolae_diamond_shop,
          nicolae_square_shop, hex_intersection
D:2:      layout_loops_corners, serial_bayou_lake_a, uniq_natasha
D:3:      layout_loops_corners, amethyst_overflow_temple_binary, uniq_robin,
          uniq_terence, uniq_crazy_yiuf_cottage, uniq_jessica
D:4:      layout_basic, grunt_temple_overflow_magic_moments

Skill      XL: |  1  2  3  4  5  6 |
---------------+-------------------+-----
Ranged Weapons | 5 6 |  6.2
Fighting       | 3 4 |  4.2
Armour         | 1 2 |  2.0
Dodging        | |  1.5
Stealth        | |  1.1

Action                     |  1- 3 |  4- 6 || total
---------------------------+-------+-------++-------
   Fire: Shortbow          |    97 |   194 ||   291
    Use: Scroll            |     5 |     4 ||     9
 Armour: Leather armour    |    40 |    33 ||    73
         Ring mail         |       |    26 ||    26
  Dodge: Dodged            |    41 |    49 ||    90

Table legend:
 A = Non-vault XP
 B = Vault XP
 C = Vault XP percentage of total XP
 D = Non-vault monster count
 E = Vault monster count
 F = Vault count percentage of total count
                 A         B        C        D         E       F
            +---------+---------+-------+---------+---------+-------
      Total |     282 |     149 |  34.6 |      71 |      16 |  18.4
            +---------+---------+-------+---------+---------+-------
        D:1 |      42 |       0 |   0.0 |      24 |       0 |   0.0
        D:2 |     193 |      37 |  16.1 |      30 |       1 |   3.2
        D:3 |      29 |     112 |  79.4 |      13 |      15 |  53.6
        D:4 |      18 |       0 |   0.0 |       4 |       0 |   0.0
            +---------+---------+-------+---------+---------+-------
